 Dungeon Crawl Stone Soup version 0.31-a0-496-g6f97920a28 (webtiles) character file.

Game seed: 7968905943937515555

89 AstroCodex24 the Trooper (level 4, -7/35 HPs)
             Began as a Vampire Fighter on Aug 8, 2023.
             Killed by divine providence
             ... invoked by an orc priest
              (12 damage)
             ... on level 3 of the Dungeon.
             The game lasted 00:02:47 (545 turns).

AstroCodex24 the Trooper (Vampire Fighter)           Turns: 545, Time: 00:02:47

Health: -7/35      AC:  6    Str: 17    XL:     4   Next: 31%
Magic:  4/4        EV:  9    Int: 10    God:
Gold:   55         SH:  4    Dex: 13    Spells: 3/3 levels left

rFire   + . .        a - +0 war axe
rCold   + . .        c - +0 buckler
rNeg    . . .        b - +0 scale mail
rPois   .            (no helmet)
rElec   .            e - scarf {rC+ rF+}
rCorr   .            (no gloves)
SInv    +            (no boots)
Will    .....        (no amulet) Stlth
                     (no ring)
HPRegen 0.45/turn    (no ring)
MPRegen 0.09/turn

%: no passive effects
@: healing quickly
A: alive, fangs 3, see invisible, vampiric 2
a: Exsanguinate


You were on level 3 of the Dungeon.
You visited 1 branch of the dungeon, and saw 3 of its levels.

You collected 55 gold pieces.

Inventory:

Hand Weapons
 a - a +0 war axe (weapon)
Armour
 b - a +0 scale mail (worn)
 c - a +0 buckler (worn)
 e - a scarf of resistance (worn)
Scrolls
 g - a scroll of amnesia {unknown}
 h - 2 scrolls of teleportation {unknown}
 i - a scroll of identify {unknown}
Potions
 d - a potion of might
 f - 3 potions of degeneration {unknown}
 j - a potion of enlightenment {unknown}


   Skills:
 + Level 3.3 Fighting
 + Level 2.8 Axes
 + Level 2.8 Armour
 + Level 0.5 Dodging
 + Level 0.3 Stealth
 + Level 3.1 Shields


You had 3 spell levels left.
You didn't know any spells.
Your spell library was empty.

Dungeon Overview and Level Annotations

Branches:
Dungeon (3/15)

Altars:


Innate Abilities, Weirdness & Mutations

Your natural rate of healing is accelerated.
You have razor-sharp teeth.
You have supernaturally acute eyesight. (SInv)
You are afflicted with vampirism and can become a bat while bloodless.


Message History

* * * LOW HITPOINT WARNING * * *
You hit the orc.
The orc is heavily wounded.
The orc hits you with a +0 dagger.
* * * LOW HITPOINT WARNING * * *
The orc hits you but does no damage.
You hit the orc.
You kill the orc!
The bat hits you but does no damage.
You hit the orc but do no damage. The orc hits you but does no damage. x2
You hit the orc.
The orc is heavily wounded.
The orc closely misses you.
You slash the orc!
You kill the orc!
You block the bat's attack. The bat hits you but does no damage.
You closely miss the bat. The bat misses you. The bat barely misses you.
The bat hits you but does no damage.
The orc priest looks braver for a moment.
You hit the bat.
You kill the bat!
You hit Ijyb but do no damage. Ijyb hits you with a +4 club.
* * * LOW HITPOINT WARNING * * *
Ijyb hits you with a +4 club.
* * * LOW HITPOINT WARNING * * *
You slash Ijyb!
Ijyb is heavily wounded.
Ijyb hits you with a +4 club.
* * * LOW HITPOINT WARNING * * *
You slash Ijyb! You bite Ijyb, but do no damage.
Ijyb is almost dead.
You block Ijyb's attack.
You slash Ijyb!
You kill Ijyb!
You block the orc priest's attack.
You have reached level 4!
You closely miss the orc priest.
The orc priest invokes the aid of Beogh against you.
Beogh smites you!
You die...

#.....#
##.....##
#.......#
##.......#
.........#
........#
...o....#
b.....#o#
....g.#@#
..... #.#
..... #.#
#### #.#
#.# #.#
#.# #.#
##########
#.#


You could see an orc priest.

Vanquished Creatures
  Natasha (D:3)
  Ijyb (D:3)
  An adder (D:2)
  A dart slug (D:2)
  3 orcs (D:3)
  2 bats (D:3)
  4 endoplasms
  3 goblins
  A hobgoblin (D:2)
  2 quokkas (D:1)
  3 ball pythons (D:2)
  3 frilled lizards
  2 kobolds (D:2)
27 creatures vanquished.

Notes
Turn   | Place    | Note
-------+----------+-------------------------------------------
     0 | D:1      | AstroCodex24 the Vampire Fighter began the quest for the
                  | Orb.
     0 | D:1      | Reached XP level 1. HP: 17/17 MP: 1/1
    96 | D:1      | Reached XP level 2. HP: 20/23 MP: 2/2
   412 | D:3      | Gained mutation: You are afflicted with vampirism and can
                  | become a bat while bloodless. [Vampire growth]
   412 | D:3      | Reached XP level 3. HP: 29/29 MP: 3/3
   514 | D:3      | Noticed Natasha
   514 | D:3      | Noticed Ijyb
   529 | D:3      | Killed Natasha
   544 | D:3      | Killed Ijyb
   545 | D:3      | Reached XP level 4. HP: 4/35 MP: 4/4
   545 | D:3      | Killed from afar by an orc priest

Illustrated notes

Levels and vault maps discovered:
D:1:      lemuel_arrival_lava_pool, layout_loops_ring, serial_shops,
          nicolae_shop_peninsula, hex_tiny, serial_park_tiny_1
D:2:      layout_loops_ring, minmay_pentomino_q2, uniq_crazy_yiuf_cottage
D:3:      due_chaos_kobolds, layout_rooms,
          hellmonk_ecumenical_altar_inner_sanctum, kennysheep_generic_room_6,
          uniq_natasha, uniq_terence, uniq_ijyb

Skill      XL: |  1  2 |
---------------+-------+-----
Fighting       | 3 |  3.3
Axes           | 2 |  2.8
Shields        | 3 |  3.1
Armour         | |  2.8
Dodging        | |  0.5
Stealth        | |  0.3

Action                     |  1- 3 |  4- 6 || total
---------------------------+-------+-------++-------
  Melee: War axe           |    72 |     1 ||    73
         Bite              |     6 |       ||     6
 Armour: Scale mail        |    46 |       ||    46
  Dodge: Dodged            |    46 |       ||    46
  Block: Buckler           |    21 |       ||    21

Table legend: (Time is in decaauts)
 A = Elapsed time spent in this place.
 B = Non-inter-level travel time spent in this place.
 C = Inter-level travel time spent in this place.
 D = Time resting spent in this place.
 E = Time spent auto-exploring this place.
 F = Levels seen in this place.
 G = Mean time per level.
                   A        B        C        D        E       F      G
               +--------+--------+--------+--------+--------+-----+--------+
         Total |    576 |    561 |     15 |      0 |      0 |   3 |  192.0 |
       Dungeon |    576 |    561 |     15 |      0 |      0 |   3 |  192.0 |
               +--------+--------+--------+--------+--------+-----+--------+

Top non-repeatable levels by time:
     D:2: 296 daAuts
     D:3: 154 daAuts
     D:1: 125 daAuts
